Map: Terrassen von Prion

Players

fragleader

  • Race: Protoss Protoss
  • League: Silver

QdC - Winner!

  • Race: Zerg Zerg
  • League: Gold

VOD

Have the link to the VOD?

Description

Time

  • Played on: Dec. 14, 2015, 2:24 p.m.
  • Length: 8:06
Show
View Real Time Build Order
Export as new Build Order

fragleader Protoss 

Build Orders:  

Get SALT Encoding   

  12  0:01  Probe (Chrono Boost)  
  13  0:11  Probe (Chrono Boost)  
  14  0:22  Probe (Chrono Boost)  
  14  0:23  Pylon  
  15  0:41  Probe (Chrono Boost)  
  16  0:46  Gateway  
  16  0:50  Assimilator  
  16  0:51  Probe (Chrono Boost)  
  17  1:02  Probe (Chrono Boost)  
  18  1:12  Probe (Chrono Boost)  
  19  1:18  Pylon  
  19  1:23  Probe (Chrono Boost)  
  20  1:33  Probe (Chrono Boost)  
  21  1:40  Cybernetics Core  
  21  1:42  Zealot (Chrono Boost)  
  21  1:44  Probe (Chrono Boost)  
  21  1:45  Assimilator  
  24  1:55  Probe (Chrono Boost)  
  25  2:02  Gateway  
  25  2:06  Probe  
  26  2:16  Gateway  
  26  2:18  Probe  
  26  2:20  Warp Gate (Chrono Boost)  
  27  2:26  Pylon  
  27  2:28  Zealot  
  29  2:40  Probe  
  30  2:46  Pylon  
  32  2:52  Stalker  
  32  2:54  Probe  
  33  3:00  Pylon  
  33  3:27  Probe  
  34  3:38  Nexus  
  34  3:40  Pylon  
  34  3:42  Probe, Assimilator  
  34  3:46  Sentry, Assimilator  
  34  3:48  Sentry  
  39  3:58  Mothership Core (Chrono Boost)  
  41  4:20  Stalker  
  41  4:23  Zealot  
  45  4:24  Sentry  
  45  4:26  Probe (Chrono Boost)  
  48  4:43  Probe (Chrono Boost)  
  48  4:45  Stalker, Adept  
  51  4:51  Probe (Chrono Boost)  
  54  4:52  Robotics Facility  
  54  4:54  Probe (Chrono Boost)  
  54  4:55  Zealot  
  57  5:01  Probe (Chrono Boost)  
  57  5:07  Probe (Chrono Boost)  
  59  5:13  Probe (Chrono Boost), Forge  
  60  5:18  Probe (Chrono Boost)  
  60  5:19  Stalker  
  63  5:21  Zealot  
  63  5:22  Sentry  
  67  5:32  Probe x2 (Chrono Boost)  
  69  5:40  Observer  
  70  5:51  Stalker  
  72  5:58  Nexus  
  72  6:00  Pylon  
  72  6:08  Zealot  
  72  6:09  Stalker  
  48  6:23  Mothership Core (Chrono Boost)  
  48  6:30  Probe (Chrono Boost)  
  48  6:31  Stalker  
  48  6:32  Sentry  
  52  6:36  Immortal  
  56  6:41  Probe (Chrono Boost)  
  57  6:54  Stalker, Probe x2 (Chrono Boost)  
  59  6:55  Stalker x2  
  51  7:24  Stalker  
  51  7:25  Stalker x2  
  49  7:40  Probe x2 (Chrono Boost)  
  47  7:49  Zealot  
  47  7:50  Zealot x2  
Show
View Real Time Build Order
Export as new Build Order

QdC Zerg - Winner!

Build Orders: Pool First, Zergling Baneling 

Get SALT Encoding   

  12  0:01  Drone  
  13  0:08  Drone  
  14  0:17  Overlord  
  14  0:26  Extractor  
  13  0:29  Drone  
  13  0:31  Drone, Extractor  
  15  0:36  Drone  
  16  0:53  Drone, Spawning Pool  
  17  0:57  Drone  
  17  1:07  Drone  
  18  1:17  Drone  
  19  1:33  Drone  
  20  1:40  Queen  
  20  1:41  Overlord  
  22  1:59  Overlord  
  22  2:02  Hatchery  
  21  2:10  Extractor  
  21  2:14  Drone x2  
  22  2:21  Metabolic Boost  
  22  2:22  Extractor  
  22  2:23  Zergling x2  
  23  2:41  Extractor  
  23  2:49  Drone  
  23  2:50  Drone x4  
  28  2:56  Lair  
  28  3:05  Baneling Nest  
  27  3:07  Zergling x4  
  29  3:14  Zergling x2  
  30  3:31  Zergling x10  
  35  3:43  Zergling x2  
  35  3:45  Overlord  
  36  4:02  Queen  
  36  4:06  Hydralisk Den, Zergling x8  
  41  4:12  Baneling  
  41  4:13  Baneling x7  
  41  4:14  Baneling x4  
  41  4:17  Zergling x2  
  41  4:18  Zergling x2  
  41  4:21  Zergling x2  
  44  4:25  Overlord  
  44  4:43  Overlord  
  44  4:46  Zergling x12  
  44  4:51  Drone  
  51  5:06  Hydralisk x4  
  58  5:10  Drone  
  59  5:21  Overlord  
  59  5:41  Hatchery  
  58  5:45  Extractor  
  58  5:47  Drone  
  58  5:48  Drone x2, Extractor  
  60  5:50  Drone x3  
  60  5:52  Drone x3  
  47  6:16  Zergling x4  
  47  6:17  Zergling x10  
  50  6:30  Overlord  
  50  6:36  Hydralisk  
  50  6:37  Hydralisk  
  54  6:55  Zergling x2  
  54  6:56  Zergling x14  
  55  7:19  Hydralisk x2  
  51  7:40  Zergling x10  
  51  7:41  Zergling x4  
Tags
 
Add a new tag
Caveats
  • Supply blocks, unpowered buildings, or Contaminate may cause inaccurate times.
  • Supply counts are checked every 10 seconds.